 Dungeon Crawl Stone Soup version bcrawl-1.19.2-6-g6a88ae04c9 (webtiles) character file.

Game seed: 2429025676412710916

3091 Mrkan the Cleaver (level 9, 0/81 HPs)
             Began as a Minotaur Fighter on Dec 31, 2019.
             Was an Elder of Lugonu.
             Succumbed to MisterOstroum's ghost's sting
             ... on level 6 of the Dungeon.
             The game lasted 00:10:00 (5630 turns).

Mrkan the Cleaver (Minotaur Fighter)                Turns: 5630, Time: 00:10:00

Health: 0/81       AC: 13    Str: 22    XL:     9   Next: 59%
Magic:  10/10      EV:  6    Int:  6    God:    Lugonu [****..]
Gold:   421        SH: 11    Dex: 11    Spells: 8/8 levels left

rFire    . . .     SeeInvis .   a - +0 war axe
rCold    . . .     Gourm    .   c - +0 shield
rNeg     . . .     Faith    .   x - +0 chain mail
rPois    .         Spirit   .   (helmet restricted)
rElec    .         Reflect  .   q - +1 cloak {MR+}
rCorr    .         Harm     .   (no gloves)
MR       +....                  (no boots)
Stlth    ..........             (no amulet)
HPRegen  0.23/turn              (no ring)
MPRegen  0.12/turn              (no ring)

@: lethally poisoned (0 -> -13)
A: retaliatory headbutt, horns 2
a: Depart the Abyss, Bend Space, Banish, Corrupt, Renounce Religion


You were on level 6 of the Dungeon.
You worshipped Lugonu.
Lugonu was greatly pleased with you.
You were not hungry.

You visited 1 branch of the dungeon, and saw 6 of its levels.

You collected 421 gold pieces.

Inventory:

Hand Weapons
 a - a +0 war axe (weapon)
Armour
 b - a +0 scale mail
 c - a +0 shield (worn)
 q - a +1 cloak of magic resistance (worn)
 x - a +0 chain mail (worn)
Wands
 v - a wand of random effects (14)
 y - a wand of disintegration (4)
Scrolls
 h - 2 scrolls of magic mapping {unknown}
 j - 8 scrolls of identify {unknown}
 k - a scroll of noise {unknown}
 o - a scroll of fog {unknown}
 p - 6 scrolls of remove curse {unknown}
 s - 4 scrolls of teleportation {unknown}
 t - a scroll of acquirement {unknown}
Potions
 d - a potion of might
 e - 6 potions of curing {unknown}
 g - a potion of brilliance {unknown}
 i - 4 potions of degeneration {unknown}
 l - 2 potions of resistance {unknown}
 m - a potion of mutation {unknown}
 n - a potion of haste {unknown}
 r - 2 potions of flight {unknown}
 w - a potion of lignification {unknown}
Comestibles
 f - 8 rations {!d}


   Skills:
 + Level 7.9 Fighting
 * Level 10.0 Axes
 + Level 7.7 Armour
 + Level 7.9 Shields
 + Level 3.5 Invocations


You had 8 spell levels left.
You didn't know any spells.
Your spell library was empty.

Dungeon Overview and Level Annotations

Branches:
Dungeon (6/12)             Temple (0/1) D:4

Altars:
Ashenzari
Gozag
Lugonu
Nemelex Xobeh
Yredelemnul
The Shining One

Shops:
D:5 [

Annotations:
D:4 2 transporters, yrara's ghost, amateur GrFi
D:5 Duvessa
D:6 MisterOstroum's ghost, novice OnVM


Innate Abilities, Weirdness & Mutations

You reflexively headbutt those who attack you in melee.
You have a pair of horns on your head.


Message History

MisterOstroum's ghost is severely damaged.
* * * LOW HITPOINT WARNING * * *
You feel sick.
You block MisterOstroum's ghost's attack.
You slash MisterOstroum's ghost!
Space bends around MisterOstroum's ghost.
MisterOstroum's ghost is almost destroyed.
* * * LOW HITPOINT WARNING * * *
You feel sick.
MisterOstroum's ghost hits you but does no damage.
You barely miss MisterOstroum's ghost.
MisterOstroum's ghost is almost destroyed.
* * * LOW HITPOINT WARNING * * *
You feel sick.
MisterOstroum's ghost gestures at you while chanting.
The sting misses you.
You hit MisterOstroum's ghost but do no damage.
Space bends around MisterOstroum's ghost.
MisterOstroum's ghost is almost destroyed.
You die...

#..........#.###..#.###
####.#............#...#
#.#######.##.#.#.###
#####.#................#
).......#####.##.#.#.###
............#......#.#
.......####.#.##.###.#
.......# #.#....###.#
.......# #.#.#W@#...###
.......######...)......#
#####'###.8.##..##.#.###
#.##.....#..#..#.#
###).###.'..#..#.#
#(.....'..#..#.# ####
#..###.'..#..#.# ...#
##.....#.)####.#
...######.8.##.))....#


You could see MisterOstroum's ghost.

Vanquished Creatures
  Sigmund (D:2)
  A hungry ghost (D:6)
  Edmund (D:5)
  A water moccasin (D:4)
  A sky beast (D:6)
  A phantom (D:4)
  An orc warrior (D:6)
  3 ogres
  A centaur (D:6)
  7 big kobolds (D:6)
  A bullfrog (D:6)
  2 elf zombies (D:6)
  An elf skeleton (D:6)
  3 scorpions
  Dowan (D:5)
  2 crimson imps
  A bullfrog zombie (D:6)
  2 hounds
  A human zombie (D:6)
  4 orc priests
  3 jellies
  Crazy Yiuf (D:3)
  An iguana (D:4)
  6 orc wizards
  3 human skeletons (D:6)
  4 worker ants
  Robin (D:3)
  4 gnolls (D:2)
  A howler monkey skeleton (D:4)
  8 adders
  A shadow imp (D:5)
  2 oozes
  An adder skeleton (D:4)
  2 worms
  2 dart slugs
  3 leopard geckos
  17 orcs
  A giant cockroach (D:1)
  16 goblins
  15 hobgoblins
  6 jackals (D:4)
  3 quokkas
  A ball python (D:3)
  5 bats
  4 frilled lizards
  5 kobolds
  3 orc zombies (D:6)
  7 rats
162 creatures vanquished.

Vanquished Creatures (others)
  A fungus (D:6)
  3 plants (D:6)
4 creatures vanquished.

Grand Total: 166 creatures vanquished

Notes
Turn   | Place    | Note
-------+----------+-------------------------------------------
     0 | D:1      | Mrkan the Minotaur Fighter began the quest for the Orb.
     0 | D:1      | Reached XP level 1. HP: 19/19 MP: 0/0
   119 | D:1      | Reached XP level 2. HP: 27/27 MP: 1/1
   206 | D:1      | Reached skill level 3 in Axes
   573 | D:2      | Reached XP level 3. HP: 33/33 MP: 2/2
   606 | D:2      | Found a corrupted altar of Lugonu.
   635 | D:2      | Became a worshipper of Lugonu the Unformed
   676 | D:2      | Found a shattered altar of Ashenzari.
   736 | D:2      | Reached XP level 4. HP: 29/40 MP: 3/3
   985 | D:2      | Noticed Sigmund
   994 | D:2      | Killed Sigmund
   994 | D:2      | Reached skill level 4 in Axes
   994 | D:2      | Reached XP level 5. HP: 42/47 MP: 4/4
  1017 | D:2      | Reached skill level 5 in Axes
  1243 | D:3      | Reached XP level 6. HP: 36/55 MP: 5/5
  1274 | D:3      | Reached skill level 5 in Fighting
  1274 | D:3      | Reached skill level 5 in Shields
  1366 | D:3      | Reached ** piety under Lugonu
  1441 | D:3      | Reached skill level 5 in Armour
  1810 | D:3      | Found a runed door.
  1910 | D:3      | Noticed Robin
  1926 | D:3      | Killed Robin
  2141 | D:3      | Noticed Crazy Yiuf
  2153 | D:3      | Killed Crazy Yiuf
  2461 | D:4      | Reached skill level 6 in Axes
  2461 | D:4      | Reached XP level 7. HP: 51/61 MP: 6/6
  2493 | D:4      | HP: 3/61 [ogre/+0 giant club (16)]
  2534 | D:4      | Reached *** piety under Lugonu
  2991 | D:4      | Reached skill level 7 in Axes
  3018 | D:4      | Found a transporter.
  3019 | D:4      | Noticed yrara's ghost (amateur GrFi)
  3038 | D:4      | Found an opulent altar of Gozag.
  3043 | D:4      | Found a staircase to the Ecumenical Temple.
  3098 | D:4      | Reached XP level 8. HP: 62/70 MP: 7/7
  3167 | D:4      | Found a sparkling altar of Nemelex Xobeh.
  3177 | D:4      | Found a transporter.
  3329 | D:5      | Entered Level 5 of the Dungeon
  3382 | D:5      | Noticed Edmund
  3389 | D:5      | Killed Edmund
  3509 | D:5      | Found Orymaos's Armour Shop.
  3617 | D:5      | Found a basalt altar of Yredelemnul.
  3648 | D:5      | Reached skill level 1 in Invocations
  3856 | D:5      | Reached skill level 8 in Axes
  3909 | D:5      | Noticed Dowan
  4029 | D:5      | Found a glowing golden altar of the Shining One.
  4033 | D:5      | Noticed Duvessa
  4107 | D:5      | Killed Dowan
  4338 | D:6      | Reached **** piety under Lugonu
  4627 | D:6      | Reached XP level 9. HP: 62/79 MP: 9/9
  4705 | D:6      | Reached skill level 9 in Axes
  4860 | D:6      | Found a runed translucent gate.
  4861 | D:6      | Found a runed translucent gate.
  4862 | D:6      | Found a runed translucent gate.
  4863 | D:6      | Identified the cursed +2 dagger of Fortitude {elec, Str+3}
  4880 | D:6      | Noticed MisterOstroum's ghost (novice OnVM)
  5623 | D:6      | Reached skill level 10 in Axes
  5627 | D:6      | HP: 4/81 [poisoned by MisterOstroum's ghost (sting)]
  5630 | D:6      | Succumbed to MisterOstroum's ghost's sting

Skill      XL: |  1  2  3  4  5  6  7  8  9 |
---------------+----------------------------+-----
Axes           | 3 4 5 6 7 8 10 | 10.0
Fighting       | 4 5 6 7 |  7.9
Armour         | 4 5 6 7 |  7.7
Shields        | 4 5 6 7 |  7.9
Invocations    | 2 3 |  3.5

Action                   |  1- 3 |  4- 6 |  7- 9 || total
-------------------------+-------+-------+-------++-------
Melee: War axe           |    77 |   108 |   242 ||   427
       Headbutt          |    11 |    22 |    43 ||    76
  Use: Potion            |       |       |     1 ||     1
  Eat: Chunk             |       |     4 |     9 ||    13
       Ration            |       |       |     1 ||     1
Armor: Scale mail        |    35 |    47 |    50 ||   132
       Chain mail        |       |       |    51 ||    51
Dodge: Dodged            |    25 |    41 |    50 ||   116
Block: Shield            |    44 |    73 |   112 ||   229
